 Dungeon Crawl Stone Soup version 0.29-a0-364-g921d912d32 (webtiles) character file.

Game seed: 11741655699233460448

2 Napalmbreeze the Skirmisher (level 1, 0/24 HPs)
             Began as an Ogre Cinder Acolyte on Apr 30, 2022.
             Was a High Priest of Ignis.
             Frozen to death by an endoplasm (4 damage)
             ... on level 1 of the Dungeon.
             The game lasted 00:01:31 (40 turns).

Napalmbreeze the Skirmisher (Ogre Cinder Acolyte)     Turns: 40, Time: 00:01:32

Health: 0/24       AC:  3    Str: 17    XL:     1   Next: 30%
Magic:  2/2        EV:  9    Int: 15    God:    Ignis [*****.]
Gold:   0          SH:  0    Dex:  4    Spells: 2/2 levels left

rFire   + . .      SeeInvis .   a - -1 mace (flame)
rCold   . . .      Faith    .   (no shield)
rNeg    . . .      Spirit   .   b - +0 robe
rPois   .          Reflect  .   (helmet restricted)
rElec   .          Harm     .   (no cloak)
rCorr   .          Rampage  .   (gloves unavailable)
Will    .....                   (boots unavailable)
Stlth   +.........              (no amulet)
HPRegen 0.08/turn               (no ring)
MPRegen 0.08/turn               (no ring)

@: attractive
A: large, unfitting armour, tough skin 1
a: Renounce Religion, Fiery Armour, Foxfire Swarm, Rising Flame


You were on level 1 of the Dungeon.
You worshipped Ignis.
Ignis was extremely pleased with you.
You visited 1 branch of the dungeon, and saw 1 of its levels.

Inventory:

Hand Weapons
 a - a -1 mace of flaming (weapon)
Armour
 b - a +0 robe (worn)


   Skills:
 + Level 4.2 Fighting
 - Level 2.6 Maces & Flails
 - Level 1.2 Spellcasting
 - Level 2.6 Fire Magic


You had 2 spell levels left.
You didn't know any spells.
Your spell library contained the following spells:

 Spells                   Type           Power      Damage    Failure   Level
 Scorch                   Fire           16%        2d5       12%         2
 Corpse Rot               Necr/Air       0%         N/A       36%         2
 Dispel Undead            Necr           0%         3d6       94%         4
 Death Channel            Necr           0%         N/A       100%        6


Dungeon Overview and Level Annotations

Branches:
Dungeon (1/15)

Altars:


Innate Abilities, Weirdness & Mutations

You are too large for most types of armour.
You have tough skin. (AC +1)


Message History

The endoplasm quivers.
The kobold hits you with a +0 whip.
A giant cockroach comes into view.
The kobold throws a stone.
The stone misses you.
The kobold hits you with a +1 dagger of venom.
You are poisoned.
You feel very sick.
You feel sick. The kobold attacks as you move away!
The kobold hits you but does no damage.
You feel sick.
It was a potion of attraction.
You feel attractive to monsters.
You feel sick. The kobold hits you but does no damage.
You hit the kobold. You burn the kobold.
You kill the kobold!
You feel sick. The kobold closely misses you.
You hit the kobold. You burn the kobold.
You kill the kobold!
You feel sick.
The giant cockroach bites you but does no damage.
You hit the giant cockroach but do no damage.
You feel sick.
You are no longer poisoned.
The giant cockroach bites you but does no damage.
You completely miss the giant cockroach.
The giant cockroach bites you but does no damage.
The giant cockroach barely misses you.
You barely miss the giant cockroach. Your punch misses the giant cockroach.
The giant cockroach closely misses you.
You hit the giant cockroach but do no damage.
The giant cockroach bites you.
* * * LOW HITPOINT WARNING * * *
The giant cockroach bites you but does no damage.
You barely miss the giant cockroach. The giant cockroach bites you.
* * * LOW HITPOINT WARNING * * *
You sock the giant cockroach! You burn the giant cockroach.
You kill the giant cockroach!
The endoplasm freezes you.
You are frozen.
You die...

#.# .. .. #.# .. ..#
#.# .# ...# ###.# .#
....##...####.######
........>..........$
#.......####.######
###..........#
###..@.#..######
#.##J#......$.. #.
#...#######. #.
##..# #. ##.[###
#.....# #.###.B...
... ...... ....#
#....


You could see an endoplasm.

Vanquished Creatures
  A giant cockroach (D:1)
  2 kobolds (D:1)
3 creatures vanquished.

Notes
Turn   | Place    | Note
-------+----------+-------------------------------------------
     0 | D:1      | Napalmbreeze the Ogre Cinder Acolyte began the quest for
                  | the Orb.
     0 | D:1      | Reached XP level 1. HP: 24/24 MP: 2/2
    40 | D:1      | Frozen to death by an endoplasm

Illustrated notes

Levels and vault maps discovered:
D:1:      dpeg_arrival_tiny_k, layout_rooms, serial_forest,
          infiniplex_forest_clump_double, infiniplex_forest_clump_small,
          infiniplex_forest_diagonal, infiniplex_forest_straight_3,
          infiniplex_forest_lined_4_way, infiniplex_forest_fountain,
          infiniplex_forest_lined_3, ebering_ecumenical_altar_mist,
          item_on_display_a

Action                   || total
-------------------------++-------
Melee: Mace              ||    11
  Use: Potion            ||     1
Armor: Robe              ||     6
Dodge: Dodged            ||     4

Table legend: (Time is in decaauts)
 A = Elapsed time spent in this place.
 B = Non-inter-level travel time spent in this place.
 C = Inter-level travel time spent in this place.
 D = Time resting spent in this place.
 E = Time spent auto-exploring this place.
 F = Levels seen in this place.
 G = Mean time per level.
                   A        B        C        D        E       F      G
               +--------+--------+--------+--------+--------+-----+--------+
         Total |     42 |     42 |      0 |      0 |      0 |   1 |   42.0 |
       Dungeon |     42 |     42 |      0 |      0 |      0 |   1 |   42.0 |
               +--------+--------+--------+--------+--------+-----+--------+

Top non-repeatable levels by time:
     D:1: 42 daAuts
